 Dungeon Crawl Stone Soup version 0.17-a0-776-gd86b262 (webtiles) character file.

280 ahoge the Cudgeler (level 6, -1/39 HPs)
             Began as a Gargoyle Berserker on Apr 24, 2015.
             Was a Priest of Trog.
             Slain by Blork the orc
             ... wielding a cursed +0 mace
              (4 damage)
             ... on level 4 of the Dungeon.
             The game lasted 00:09:09 (2370 turns).

ahoge the Cudgeler (Gargoyle Berserker)             Turns: 2370, Time: 00:09:10

Health: -1/39      AC: 14    Str: 20    XL:     6   Next: 27%
Magic:  6/6        EV: 12    Int:  8    God:    Trog [***...]
Gold:   197        SH:  0    Dex: 11    Spells: 0 memorised, 5 levels left

rFire  . . .     SeeInvis .     a - +0 mace
rCold  . . .     Clarity  .     m - +2 leather armour {MR+}
rNeg   + . .     SustAb   .     (no shield)
rPois  ∞         Gourm    .     (no helmet)
rElec  +         Spirit   .     t - +0 cloak
rCorr  +         Warding  .     (no gloves)
rMut   .         Stasis   .     r - +2 pair of boots
MR     +....                    u - amulet of resist corrosion
Stlth  +.........               (no ring)
                                (no ring)

@: exhausted, slowed, very slow, somewhat resistant to hostile enchantments,
very unstealthy
A: negative energy resistance 1, electricity resistance, unbreathing,
petrification resistance, rot immunity, AC +4
a: Burn Spellbooks, Berserk, Trog's Hand, Renounce Religion


You were on level 4 of the Dungeon.
You worshipped Trog.
Trog was most pleased with you.
You were near starving.

You visited 1 branch of the dungeon, and saw 4 of its levels.

You collected 197 gold pieces.

Inventory:

Hand weapons
 a - a +0 mace (weapon)
Armour
 b - a +0 animal skin
 g - a +0 ring mail
 m - a +2 leather armour of magic resistance (worn)
 r - a +2 pair of boots (worn)
 t - a +0 cloak (worn)
Jewellery
 u - an amulet of resist corrosion (around neck)
Scrolls
 e - a scroll of recharging {unknown}
 i - 4 scrolls of identify {unknown}
 j - a scroll of remove curse {unknown}
 k - 2 scrolls of blinking {unknown}
 n - a scroll of fear {unknown}
 w - a scroll of fog {unknown}
 x - a scroll of teleportation {unknown}
 y - a scroll of immolation {unknown}
Potions
 d - 2 potions of curing {unknown}
 l - a potion of agility {unknown}
 o - a potion of magic {unknown}
 q - 3 potions of restore abilities {unknown}
 s - a potion of might {unknown}
Comestibles
 c - 5 bread rations
 f - 2 meat rations
 h - 7 chunks of flesh
 v - a beef jerky


   Skills:
 + Level 4.3 Fighting
 + Level 4.6 Maces & Flails
 + Level 3.1 Armour
 + Level 3.1 Dodging
 + Level 1.0 Stealth


You had 5 spell levels left.
You didn't know any spells.

Dungeon Overview and Level Annotations

Branches:
Dungeon (4/15)
 Temple: D:4-7

Altars:
Nemelex Xobeh
Qazlal
Vehumet

Annotations:
D:4 Blork the orc


Innate Abilities, Weirdness & Mutations

You are resistant to torment.
Your stone body is resilient (AC +4).
You are immune to poison.
You resist negative energy.
You are resistant to electric shocks.
You can survive without breathing.
You are immune to petrification.
You are immune to rotting.


Message History

Blork the orc mumbles some strange words.
Blork the orc seems to speed up.
Blork the orc points at you and mumbles some strange words.
The puff of frost hits you!
* * * LOW HITPOINT WARNING * * *
Unknown command.
You hit Blork the orc but do no damage.
Blork the orc is lightly wounded.
Blork the orc barely misses you. Blork the orc closely misses you.
You hit Blork the orc.
Blork the orc is lightly wounded.
You are near starving!
Blork the orc barely misses you. Blork the orc closely misses you.
Blork the orc hits you with a mace.
* * * LOW HITPOINT WARNING * * *
Unknown command.
You hit Blork the orc.
Blork the orc is moderately wounded.
Blork the orc hits you with a mace.
You die...

. ##....
#.....#
#..?....
#(.......
##........
#.........
#..........
#.@........
#.o........
#...........
#..........
............
##..........%
#.....#####
#.....#
.?....#


You could see Blork the orc.

Vanquished Creatures
  2 orc priests
  An orc wizard (D:3)
  A worker ant (D:3)
  7 adders
  An ooze (D:2)
  4 worms
  2 giant geckos
  8 orcs (D:3)
  4 ball pythons
  6 giant cockroaches
  5 goblins
  6 hobgoblins
  4 jackals (D:1)
  8 kobolds
  12 bats
  8 giant newts
  2 quokkas (D:3)
  14 rats
95 creatures vanquished.

Notes
Turn   | Place    | Note
--------------------------------------------------------------
     0 | D:1      | ahoge, the Gargoyle Berserker, began the quest for the Orb.
     0 | D:1      | Reached XP level 1. HP: 14/14 MP: 1/1
   127 | D:1      | Reached XP level 2. HP: 12/19 MP: 2/2
   314 | D:1      | Acquired Trog's second power
   362 | D:1      | Reached XP level 3. HP: 24/24 MP: 3/3
  1086 | D:2      | Reached XP level 4. HP: 27/29 MP: 4/4
  1181 | D:2      | Reached skill level 4 in Fighting
  1664 | D:3      | Found a stormy altar of Qazlal.
  1674 | D:3      | Found a sparkling altar of Nemelex Xobeh.
  1723 | D:3      | Reached XP level 5. HP: 33/33 MP: 5/5
  1783 | D:3      | Found a radiant altar of Vehumet.
  2259 | D:4      | Noticed Blork the orc
  2272 | D:3      | Reached skill level 1 in Stealth
  2272 | D:3      | Reached XP level 6. HP: 33/39 MP: 6/6
  2370 | D:4      | Slain by Blork the orc

Action                   |  1- 3 |  4- 6 || total
-------------------------+-------+-------++-------
Melee: Mace              |   108 |   238 ||   346
Invok: Berserk           |       |     1 ||     1
       Trog's Hand       |       |     1 ||     1
  Eat: Chunk             |       |     5 ||     5
